 Dungeon Sprint DCSS version 0.21.1-1-g345015f (webtiles) character file.

218 Fang the Severer (level 9, -2/145 HPs)
             Began as a Minotaur Berserker on June 23, 2018.
             Was a High Priest of Trog.
             Slain by a naga warrior
             ... wielding a +0 trident
              (5 damage)
             ... in the Dungeon (Sprint VI: "Thunderdome").
             The game lasted 00:02:05 (496 turns).

Fang the Severer (Minotaur Berserker)                Turns: 496, Time: 00:02:06

Health: -2/145     AC:  2    Str: 30    XL:     9   Next: 29%
Magic:  8/8        EV: 13    Int:  4    God:    Trog [*****.]
Gold:   400        SH:  0    Dex: 10    Spells: 8/8 levels left

rFire    . . .     SeeInvis .   a - +0 hand axe
rCold    . . .     Gourm    .   (no shield)
rNeg     . . .     Faith    .   b - +0 animal skin
rPois    .         Spirit   .   (helmet restricted)
rElec    .         Reflect  .   (no cloak)
rCorr    .         Harm     .   (no gloves)
MR       .....     NoTele   +   (no boots)
Stlth    ..........             (no amulet)
HPRegen  0.34/turn              (no ring)
MPRegen  0.11/turn              (no ring)

@: berserking (expiring), lethally poisoned (-2 -> -7), constricted, very quick
A: retaliatory headbutt, horns 2
a: Berserk, Trog's Hand, Brothers in Arms, Burn Spellbooks, Renounce Religion


You were in the Dungeon.
You worshipped Trog.
Trog was extremely pleased with you.
You were hungry.

You visited 1 branch You collected 400 gold pieces.

Inventory:

Hand Weapons
 a - a +0 hand axe (weapon)
Armour
 b - a +0 animal skin (worn)
Wands
 k - a wand of acid (5)
 l - a wand of iceblast (5)
Scrolls
 i - 4 scrolls of blinking
 m - 3 scrolls of fog
Potions
 d - a potion of curing
 e - 2 potions of heal wounds
 f - 4 potions of haste
 g - 3 potions of magic
 h - a potion of berserk rage
 j - a potion of resistance
Comestibles
 c - a ration
 n - a chunk of flesh


   Skills:
 + Level 15.2 Fighting
 + Level 15.6 Axes
 + Level 8.5 Armour
 + Level 9.0 Dodging


You had 8 spell levels left.
You didn't know any spells.

Dungeon Overview and Level Annotations

Branches:
Dungeon (1/1)

Altars:
Cheibriados
Dithmenos
Fedhas
Gozag
Kikubaaqudgha
Makhleb
Okawaru
Qazlal
Ru
Sif Muna
Trog
Uskayaw
Vehumet
Wu Jian
Xom
Yredelemnul
Zin
The Shining One
Beogh
Jiyva
Lugonu

Shops:
D *[%??*?*:[((!!!!


Innate Abilities, Weirdness & Mutations

You reflexively headbutt those who attack you in melee.
You have a pair of horns on your head.


Message History

The naga warrior is moderately wounded.
Unknown command.
You barely miss the naga warrior.
The naga warrior is moderately wounded.
The naga warrior misses you.
* * * LOW HITPOINT WARNING * * *
The naga warrior constricts you. The naga warlord spits poison at you.
The splash of poison hits you!
You are more poisoned.
* * * LOW HITPOINT WARNING * * *
The naga warrior blocks your attack.
You headbutt the naga warrior!
The naga warrior is heavily wounded.
* * * LOW HITPOINT WARNING * * *
You feel sick.
You slash the naga warrior!
The naga warrior is heavily wounded.
The naga warrior completely misses you. You furiously retaliate!
You headbutt the naga warrior.
You die...

##.............###.............##
###∩........8.# #.8........∩###
##∩___...)..###.......__∩##
######.8...)[....8.######
#§..)(.......⌠# ###.).......###
#_.N....._# #_......._#
#_...@..._# #∩...N...∩#
##∩.....∩## ##.....## ##⌠⌠§##
#####


You could see a naga warrior and a naga warlord.

Vanquished Creatures
  4 deep elf magi (D)
  Sigmund (D)
  2 fire elementals (D)
  A fire bat (D)
  A water moccasin (D)
  A scorpion (D)
  2 adders (D)
  A giant cockroach (D)
  A kobold (D)
  2 ball pythons (D)
  A frilled lizard (D)
  A quokka skeleton (D)
18 creatures vanquished.

Vanquished Creatures (collateral kills)
  A deep elf mage (D)
1 creature vanquished.

Grand Total: 19 creatures vanquished

Notes
Turn   | Place    | Note
-------+----------+-------------------------------------------
     0 | D        | Fang the Minotaur Berserker began the quest for the Orb.
     0 | D        | Reached XP level 1. HP: 19/19 MP: 0/0
     1 | D        | Found a roughly hewn altar of Beogh.
     2 | D        | Found a blossoming altar of Fedhas.
     2 | D        | Found an ornate altar of the Wu Jian Council.
     3 | D        | Found a corrupted altar of Lugonu.
     3 | D        | Found a sacrificial altar of Ru.
     4 | D        | Found a radiant altar of Vehumet.
     4 | D        | Found a glowing silver altar of Zin.
     4 | D        | Found Buoteb's Staff Store.
     4 | D        | Found Gywev's Magic Scroll Shop.
     5 | D        | Found a basalt altar of Yredelemnul.
     5 | D        | Found Eczaoho Sida's Must-Have Magic.
     5 | D        | Found Xakkinla's Magic Scroll Shop.
     5 | D        | Round 1.
    29 | D        | Found a viscous altar of Jiyva.
    33 | D        | Found a shimmering altar of Xom.
    33 | D        | Found Xeawun's Delicious Food.
    33 | D        | Found Xiraeb's Jewellery.
    34 | D        | Found Pogumm's Advanced Armour.
    34 | D        | Noticed a scorpion
    35 | D        | Found an opulent altar of Gozag.
    35 | D        | Found a deep blue altar of Sif Muna.
    35 | D        | Found a snail-covered altar of Cheibriados.
    35 | D        | Found Gooso's Identification Station.
    40 | D        | Killed a scorpion
    40 | D        | Reached XP level 2. HP: 31/31 MP: 1/1
    40 | D        | Reached XP level 3. HP: 38/38 MP: 2/2
    59 | D        | Reached ** piety under Trog
    73 | D        | Noticed Sigmund
    89 | D        | Found an iron altar of Okawaru.
    90 | D        | Found Zupit's Distillery.
    90 | D        | Found an ancient bone altar of Kikubaaqudgha.
    90 | D        | Found Neliqo's Do-It-Yourself Clinic.
    96 | D        | Killed Sigmund
    96 | D        | Reached XP level 4. HP: 50/50 MP: 3/3
    96 | D        | Reached XP level 5. HP: 57/57 MP: 4/4
   105 | D        | Reached *** piety under Trog
   105 | D        | Arena points: 14 (+14) [x2]
   153 | D        | Round 2.
   158 | D        | Found Cippuugo's Distillery.
   158 | D        | Found Hacudy's Bottled Wisdom.
   175 | D        | Found a stormy altar of Qazlal.
   179 | D        | Found a hide-covered altar of Uskayaw.
   179 | D        | Found a glowing golden altar of the Shining One.
   179 | D        | Found Oryboocy's Weapon Rack.
   179 | D        | Found Casolete's Basic Armour.
   180 | D        | Found Vuinuisi's Miscellaneous Merchandise.
   185 | D        | Found Wasick's Premium Goods.
   185 | D        | Found a shadowy altar of Dithmenos.
   185 | D        | Found a bloodstained altar of Trog.
   185 | D        | Found a burning altar of Makhleb.
   215 | D        | Noticed a water moccasin
   224 | D        | Killed a water moccasin
   224 | D        | Reached skill level 10 in Fighting
   224 | D        | Reached skill level 10 in Axes
   224 | D        | Reached skill level 5 in Armour
   224 | D        | Reached skill level 5 in Dodging
   224 | D        | Reached XP level 6. HP: 66/66 MP: 5/5
   288 | D        | Reached **** piety under Trog
   291 | D        | Arena points: 50 (+36) [x3]
   341 | D        | Round 3.
   343 | D        | Noticed a fire bat
   345 | D        | Noticed a fire elemental
   346 | D        | Noticed a fire elemental
   348 | D        | Killed a fire bat
   353 | D        | Killed a fire elemental
   353 | D        | Reached XP level 7. HP: 75/75 MP: 6/6
   356 | D        | Killed a fire elemental
   392 | D        | Arena points: 98 (+48) [x4]
   407 | D        | Round 4.
   410 | D        | Noticed a deep elf mage
   410 | D        | Noticed a deep elf mage
   410 | D        | Noticed a deep elf mage
   411 | D        | Noticed a fire elemental
   411 | D        | Noticed a fire elemental
   414 | D        | Noticed a fire elemental
   417 | D        | Noticed a deep elf mage
   423 | D        | Killed a deep elf mage
   423 | D        | Reached ***** piety under Trog
   423 | D        | Received a gift from Trog
   423 | D        | Reached XP level 8. HP: 16/86 MP: 7/7
   426 | D        | Killed a deep elf mage
   426 | D        | Killed a deep elf mage
   432 | D        | Killed a deep elf mage
   432 | D        | Reached skill level 15 in Axes
   432 | D        | Reached XP level 9. HP: 17/96 MP: 8/8
   454 | D        | Noticed a deep elf mage
   460 | D        | Killed a deep elf mage
   460 | D        | Reached skill level 15 in Fighting
   469 | D        | Arena points: 218 (+120) [x5]
   484 | D        | Round 5.
   484 | D        | Noticed a naga warlord
   486 | D        | Noticed a naga warrior
   494 | D        | HP: 3/145 [naga warlord/splash of poison (6)]
   496 | D        | Slain by a naga warrior

Skill      XL: |  1  2  3  4  5  6  7  8  9 |
---------------+----------------------------+-----
Fighting       | 6 9 10 11 13 14 15 | 15.2
Axes           | 6 9 10 12 13 15 | 15.6
Armour         | 3 4 5 6 7 8 |  8.5
Dodging        | 3 4 5 6 7 8 9 |  9.0

Action                   |  1- 3 |  4- 6 |  7- 9 || total
-------------------------+-------+-------+-------++-------
Melee: Hand axe          |    14 |    17 |    21 ||    52
       Headbutt          |     3 |     3 |     5 ||    11
Invok: Berserk           |     2 |     2 |     2 ||     6
       Brothers in Arms  |       |       |     2 ||     2
  Use: Potion            |     1 |       |     1 ||     2
  Eat: Chunk             |       |     1 |     3 ||     4
Armor: Animal skin       |     4 |       |     6 ||    10
Dodge: Dodged            |     7 |    11 |    21 ||    39
